[Event "Late-Titled-Tuesday-Blitz-February-20-2024"]
[Site "Chess.com"]
[Date "2024.02.20"]
[Round "5"]
[White "STAYFlow"]
[Black "aghasiyevkamal"]
[Result "1-0"]
[WhiteElo "2393"]
[BlackElo "2622"]
[TimeControl "180+1"]
[EndTime "14:57:12 PST"]
[Termination "STAYFlow won by resignation"]

1. e4 e5 2. Nf3 Nc6 3. Bc4 Bc5 4. O-O d6 5. c3 Nf6 6. d3 a5 7. Nbd2 h6 8. Re1 O-O 9. Nf1 a4 10. Ng3 Ra5 11. Bd2 b5 12. Bd5 Nxd5 13. exd5 Ne7 14.
d4 Bb6 15. dxe5 dxe5 16. Nxe5 Ra8 17. c4 bxc4 18. Nxc4 Nxd5 19. Nxb6 cxb6 20. Qf3 Be6 21. Rad1 Qf6 22. Qxf6 Nxf6 23. a3 Rfd8 24. Bc3 Nd5 25. Be5 Rac8 26. Rc1 Rc5 27. f4 f6 28. Bc3 Nxf4 29.
Re4 Rc4 30. Rce1 Rxe4 31. Rxe4 Rd1+ 32. Kf2 Nd3+ 33. Ke2 Bb3 34. Rd4 Nc1+ 35. Ke3 Rxd4 36. Bxd4 b5 37. Kd2 Na2 38. Bc3 Nxc3 39. Kxc3 Bc4 40. Kd4 Kf7 41. Ne4 Bf1 42. g3 f5 43.
Nd6+ Ke6 44. Kc5 g5 45. Nxb5 Ke5 46. Nc3 f4 47. gxf4+ gxf4 48. Nd1 Ke4 49. Nf2+ Kf3 50. Nd1 Ke2 51. Nc3+ Kd2 52. Ne4+ Ke3 53. Nf6 Be2 54. Kb4 Bd1 55. Nd5+ Ke4 56. Nf6+ Kf5 57. Nd5 Ke5 58. Nc3 Bb3 59. Ne2 f3 60. Ng3 Kf4 61. Kc3 Kg4 62. Kd3 h5 63. Ke3 h4 64. Ne4 Bd1 65. Nf2+ Kg5 66.
Nxd1 Kg4 67. Nf2+ Kf5 68. Kxf3 Ke5 69. Kg4 Kd4 70. Kxh4 Kc4 71. Kg3 Kb3 72. h4 Kxb2 73. h5 Kxa3 74. h6 Kb3 75. h7 a3 76. h8=Q a2 77. Qa1 Ka3 78. Kf3 Kb3 79. Ke2 Ka3 80. Kd2 Kb3 81. Kc1 Ka3 82. Kc2 Ka4 83. Qxa2+ Kb4 84. Qb3+ 1-0

[Event "Late-Titled-Tuesday-Blitz-February-20-2024"]
[Site "Chess.com"]
[Date "2024.02.20"]
[Round "5"]
[White "czasnaszachy"]
[Black "BabageldiAnnaberdiyev"]
[Result "1-0"]
[WhiteElo "2437"]
[BlackElo "2614"]
[TimeControl "180+1"]
[EndTime "14:57:18 PST"]
[Termination "czasnaszachy won by resignation"]

1. d4 Nf6 2. c4 g6 3. Nc3 Bg7 4. g3 d6 5. Bg2 O-O 6. Nf3 Nc6 7.
O-O a6 8. h3 Rb8 9. e4 e5 10. Be3 exd4 11. Nxd4 Bd7 12. Qc2 Re8 13. Rfe1 Nxd4 14. Bxd4 Bc6 15. Rad1 Nd7 16. Bxg7 Kxg7 17.
b4 b6 18. f4 a5 19. a3 axb4 20. axb4 Ra8 21. Nb5 h5 22. e5 Bxg2 23. exd6 Rxe1+ 24. Rxe1 c6 25. Nc7 Bxh3 26. Nxa8 Qxa8 27. Qb2+ Nf6 28.
c5 bxc5 29. bxc5 Be6 30. Ra1 Qc8 31. Ra7 Bh3 32. Re7 Qg4 33. Kh2 Bf1 34. d7 h4 35.
d8=Q Qxg3+ 36. Kh1 Bc4 37. Qxf6+ Kxf6 38. Re3+ Kf5 39. Rxg3 hxg3 40. Qg5+ Ke4 41. Qxg3 Bd5 42. Kg1 Kd4 43. Qg5 Kxc5 44. Qf6 Kc4 45. Kf2 Kc5 46.
Ke3 Kc4 47. Qd4+ Kb5 48. Kd2 Be6 49. Kc3 c5 50. Qe5 Kc6 51. Qb8 Kd5 52. Qc7 Ke4 53.
Qe5+ Kf3 54. Kd2 c4 55. Qe3+ Kg4 56. Ke1 c3 57. Qxc3 Kxf4 58. Kf2 Ke4 59. Qe3+ Kd5 60. Kg3 Bf5 61. Kf4 Be6 62. Qe5+ Kc6 63. Ke3 Kd7 64. Kd4 Ke7 65. Kc5 Kf8 66. Qf6 Kg8 67. Kd6 Kh7 68. Ke5 Kh6 69. Qh4+ Kg7 70. Qd8 Bf5 71. Kf4 Be6 72.
Kg5 Kh7 73. Qf6 Ba2 74. Kf4 Be6 75. Kg5 Ba2 76. Qe5 Be6 77. Kf6 Ba2 78. Qh2+ Kg8 79. Qh6 1-0

[Event "Late-Titled-Tuesday-Blitz-February-20-2024"]
[Site "Chess.com"]
[Date "2024.02.20"]
[Round "5"]
[White "VincentKeymer"]
[Black "Fonsofan"]
[Result "1/2-1/2"]
[WhiteElo "3041"]
[BlackElo "2689"]
[TimeControl "180+1"]
[EndTime "14:57:19 PST"]
[Termination "Game drawn - insufficient material"]

1. a3 b5 2. e4 Bb7 3. Nc3 a6 4.
d4 e6 5. Nf3 Nf6 6. Bd3 c5 7.
e5 Nd5 8. Nxd5 Bxd5 9. Be3 cxd4 10. Bxd4 Nc6 11. Bc3 Be7 12. Qe2 Qb6 13. O-O O-O 14.
Rfd1 Rac8 15. Be4 Bxe4 16. Qxe4 Rfd8 17. Rd2 h6 18. Rad1 Qc7 19. h3 a5 20. Rd3 b4 21.
axb4 axb4 22. Bd2 d5 23. exd6 Rxd6 24. Bf4 Rxd3 25. cxd3 Bd6 26. Bxd6 Qxd6 27. Rc1 Ne7 28. Rxc8+ Nxc8 29. Qa8 Qc7 30. d4 Kh7 31. Qe4+ g6 32.
Ne5 Nd6 33. Qe1 Nf5 34. Qd2 b3 35. g4 Qc2 36. Qf4 Qd1+ 37. Kg2 Qxd4 38. Qxd4 Nxd4 39. Nxf7 Kg7 40. Nd6 g5 41. f3 Kf6 42. Nc4 Ne2 43. Kf2 Nf4 44. Nd2 Nd3+ 45. Ke3 Nxb2 46. Nxb3 Nc4+ 47. Ke4 Nd6+ 48. Ke3 Nc4+ 49. Kd4 Ne5 50. Ke4 Ng6 51. Nd4 Nf4 52. h4 Ng2 53. h5 Nf4 54. Nc6 Nd5 55. Na5 Nc3+ 56. Kd3 Nd5 57. Nc4 Nf4+ 58. Kd4 Nd5 59. Ke4 Nc3+ 60. Kd3 Nd5 61.
Kd4 Nf4 62. Nd6 Ne2+ 63. Ke3 Nf4 64. Ne4+ Ke5 65. Nc5 Nd5+ 66. Kf2 Kf6 67. Ke2 Nf4+ 68. Ke3 Ng2+ 69. Kd4 Nf4 70. Ne4+ Ke7 71. Nd2 Kf6 72. Nc4 Ne2+ 73. Ke3 Nf4 74. Nb6 Nd5+ 75. Nxd5+ exd5 76. f4 gxf4+ 77. Kxf4 d4 78. Ke4 Kg5 79. Kxd4 Kxg4 80.
Ke3 Kxh5 81. Kf2 Kg5 82. Kg1 h5 83. Kh1 h4 84. Kg1 h3 85. Kh1 h2 86. Kxh2 1/2-1/2

[Event "Late-Titled-Tuesday-Blitz-February-20-2024"]
[Site "Chess.com"]
[Date "2024.02.20"]
[Round "5"]
[White "Supelyel"]
[Black "Pelusiansky"]
[Result "1/2-1/2"]
[WhiteElo "2412"]
[BlackElo "2559"]
[TimeControl "180+1"]
[EndTime "14:57:30 PST"]
[Termination "Game drawn by agreement"]

1. c4 Nf6 2. Nc3 e6 3. Nf3 d5 4.
cxd5 exd5 5. d4 c6 6. Bg5 Bf5 7.
e3 Nbd7 8. Bd3 Bxd3 9. Qxd3 Be7 10. Bxf6 Nxf6 11. O-O O-O 12. Rab1 a5 13. a3 Re8 14. Nd2 Bd6 15. g3 h5 16. Kg2 Qd7 17. Na4 Rad8 18. b4 axb4 19. axb4 h4 20. Nc5 Qc8 21. Rfc1 b6 22. Na4 Qb7 23. b5 c5 24. dxc5 bxc5 25. Nxc5 Bxc5 26. Rxc5 d4+ 27. e4 Nxe4 28. Nxe4 Rxe4 29. Rc6 Rde8 30. Rbc1 Qd7 31. h3 hxg3 32. Qxg3 R4e6 33. Rc7 Qd5+ 34. Kh2 Rg6 35. R7c5 Qe4 36. Rg5 Rxg5 37. Qxg5 d3 38. Rg1 g6 39. Rg4 Qe2 40. Qf6 Re6 41. Qd8+ Kg7 42. Rf4 Qe5 43.
Qd4 d2 44. Qxe5+ Rxe5 45. Rd4 Rxb5 46. Rxd2 Rf5 47. Kg3 Rg5+ 48. Kh2 Rh5 49. Kg2 Kf6 50. Rd3 Rg5+ 51. Rg3 Re5 52. Rf3+ Ke6 53. Rg3 Re4 54. Ra3 Kf6 55. Rg3 Re6 56. Rf3+ Kg7 57. Rg3 f5 58. Rf3 Kf6 59. Rg3 Re4 60. Ra3 Re6 61.
Ra5 g5 62. Ra3 f4 63. Ra5 Rd6 64. Kf3 Rd2 65. Ra6+ Kf5 66. Ra5+ Kg6 67. Rb5 Rd1 68. Kg2 Kh5 69. Rb8 Rd3 70. Rh8+ Kg6 71. Rg8+ Kf6 72. Ra8 Rd6 73. Rf8+ Kg6 74. Rg8+ Kf5 75. Rf8+ Ke5 76. Re8+ Re6 77. Ra8 Kf5 78. Ra5+ Re5 79. Ra8 Rc5 80.
Kf3 Rc3+ 81. Kg2 Rc1 82. Ra5+ Kg6 83. Ra6+ Kh5 84. Ra8 Rc3 85. Rh8+ Kg6 86. Rg8+ Kf6 87. Rf8+ Kg7 88. Ra8 Rc7 89. Ra5 1/2-1/2

[Event "Late-Titled-Tuesday-Blitz-February-20-2024"]
[Site "Chess.com"]
[Date "2024.02.20"]
[Round "5"]
[White "Polstastisch"]
[Black "prime-morty"]
[Result "1-0"]
[WhiteElo "2400"]
[BlackElo "2550"]
[TimeControl "180+1"]
[EndTime "14:57:30 PST"]
[Termination "Polstastisch won by checkmate"]

1. e4 d5 2. exd5 Qxd5 3. Nc3 Qa5 4. d4 Nf6 5. Bc4 Bf5 6. Nf3 e6 7. O-O Nc6 8. Qe2 Rd8 9. d5 Nxd5 10. Nxd5 Rxd5 11.
Bxd5 Qxd5 12. Rd1 Qc5 13. c4 Bd6 14. Be3 Qa5 15. a3 O-O 16. c5 Be7 17. Rd7 e5 18.
Rd5 Be4 19. Rd2 Bxf3 20. Qxf3 Bxc5 21. Rad1 Bxe3 22. Qxe3 Nd4 23. Qe4 c6 24. f4 Nb3 25.
Rd7 Qb6+ 26. Kh1 Nc5 27. Qxe5 Nxd7 28. Rxd7 h6 29. h3 Rd8 30. Qe7 Rxd7 31. Qxd7 g6 32. Qe8+ Kg7 33. Qe5+ Kh7 34. b4 Qf2 35. Qf6 Qe1+ 36.
Kh2 Qe6 37. Qd4 a6 38. a4 Qf5 39. a5 h5 40. h4 Qg4 41. g3 Qe2+ 42. Kh3 Qe6+ 43.
Kg2 Qd5+ 44. Qxd5 cxd5 45. Kf3 Kg7 46. Ke3 Kf6 47. Kd4 Kf5 48. Kxd5 Kg4 49. Kd6 Kxg3 50. Kc7 Kxh4 51. Kxb7 Kg4 52. b5 h4 53. bxa6 h3 54. a7 h2 55. a8=Q h1=Q+ 56. Kb8 Qb1+ 57. Qb7 Qa2 58.
a6 Kxf4 59. a7 g5 60. a8=Q Qxa8+ 61. Qxa8 g4 62. Qd5 f5 63. Qd4+ Kg3 64. Qe3+ Kh2 65. Qf4+ g3 66. Qxf5 g2 67. Qh5+ Kg3 68. Qg5+ Kf2 69.
Qf4+ Ke2 70. Qg4+ Kf1 71. Qf3+ Kg1 72. Kc7 Kh2 73. Qh5+ Kg1 74. Kd6 Kf2 75. Qf5+ Kg3 76. Qg5+ Kf3 77. Ke5 Kf2 78. Qf4+ Kg1 79. Ke4 Kh1 80.
Qh4+ Kg1 81. Kf3 Kf1 82. Qf2# 1-0

[Event "Late-Titled-Tuesday-Blitz-February-20-2024"]
[Site "Chess.com"]
[Date "2024.02.20"]
[Round "5"]
[White "Inepton_Fermion"]
[Black "chessydotcom"]
[Result "1-0"]
[WhiteElo "2382"]
[BlackElo "2128"]
[TimeControl "180+1"]
[EndTime "14:57:39 PST"]
[Termination "Inepton_Fermion won by resignation"]

1. d4 d5 2. Nc3 e6 3. e4 dxe4 4. Nxe4 Nf6 5. Bg5 Be7 6. Bxf6 Bxf6 7. Nf3 Nc6 8. Bb5 O-O 9. Bxc6 bxc6 10. O-O Rb8 11.
b3 Qe7 12. Qe2 Rd8 13. Rfd1 Bb7 14. Qc4 g6 15. Nxf6+ Qxf6 16. Ne5 Rd6 17. Rd3 c5 18. Qxc5 Qd8 19. Rad1 Rd5 20. Qc3 Qg5 21. Nf3 Qe7 22. Qd2 Rbd8 23. c4 R5d7 24. Ne5 Rd6 25. Qe3 f6 26. Ng4 h5 27. Nh6+ Kg7 28. g4 Rh8 29. Nf5+ gxf5 30. gxf5 Rg8 31. Kf1 Kf8 32. c5 Bg2+ 33.
Ke2 Ra6 34. a4 exf5 35. d5 Qxe3+ 36. Kxe3 Be4 37. Rd4 Ra5 38. f3 Bc2 39. b4 Bxd1 40. bxa5 Bb3 41. d6 cxd6 42. Rxd6 Ke7 43. Kf4 Rb8 44.
Kxf5 Bxa4 45. Re6+ Kf7 46. Rxf6+ Ke7 47. Rh6 Bd7+ 48. Ke5 Rb5 49. Rh7+ Kd8 50. Kd6 Rxa5 51. Rh8+ Be8 52. c6 Ra6 53. Kd5 Rxc6 54. Rxe8+ Kc7 55. Re7+ Kd8 56. Rxa7 Rc2 57. Kd6 Rd2+ 58. Ke5 Rxh2 59. f4 Re2+ 60. Kf6 Rg2 61. f5 Ke8 62. Rh7 Rg3 63.
Rh8+ Kd7 64. Kf7 h4 65. Rxh4 Rf3 66. f6 Kd6 67. Re4 Kd7 68. Rd4+ Kc7 69. Rd1 Kc6 70.
Ke7 Re3+ 71. Kf8 Rf3 72. f7 Re3 73. Rd4 Kc7 74. Kg7 Rg3+ 75. Kf6 1-0

[Event "Late-Titled-Tuesday-Blitz-February-20-2024"]
[Site "Chess.com"]
[Date "2024.02.20"]
[Round "5"]
[White "GiorgianBarbosa"]
[Black "FredddieCroderg"]
[Result "1-0"]
[WhiteElo "2506"]
[BlackElo "2206"]
[TimeControl "180+1"]
[EndTime "14:57:50 PST"]
[Termination "GiorgianBarbosa won on time"]

1. c4 e6 2. g3 d5 3. Bg2 Nf6 4. Nf3 dxc4 5. Qa4+ Bd7 6. Qxc4 c5 7.
O-O Nc6 8. d4 cxd4 9. Nxd4 Nxd4 10. Qxd4 Bc6 11. Bxc6+ bxc6 12. Qa4 Qb6 13. Be3 Qb7 14.
Nd2 Be7 15. Nc4 O-O 16. b3 Nd5 17. Rac1 Nxe3 18. Nxe3 c5 19. Rfd1 Rfd8 20. h4 h6 21. Nc4 Rd4 22. e3 Rd5 23. Na5 Qa6 24. Qc6 Qxc6 25.
Nxc6 Bf8 26. e4 Rxd1+ 27. Rxd1 Rc8 28. Nxa7 Ra8 29. Rd7 c4 30. bxc4 Bc5 31. Nb5 Rxa2 32. Rc7 Bxf2+ 33. Kf1 Bxg3 34. Rc8+ Kh7 35. c5 Bxh4 36.
c6 Bg3 37. Rf8 Kg6 38. c7 Bxc7 39. Nxc7 Ra4 40. Ne8 Rxe4 41. Rg8 Rf4+ 42. Ke2 Kf5 43. Rxg7 Ke4 44. Nd6+ Kd5 45. Nxf7 e5 46. Nxh6 e4 47. Rd7+ Ke6 48. Ra7 Kf6 49. Ng8+ Ke6 50. Ke3 Rh4 51. Ne7 Rh7 52. Ra6+ Kd7 53. Nd5 Rh3+ 54. Kxe4 Rh4+ 55. Ke5 Rh5+ 56. Kd4 Kc8 57. Ra7 Rh1 58. Ke5 Kb8 59. Rf7 Ra1 60. Kd4 Rc1 61. Nb4 Kc8 62. Kd5 Kd8 63.
Kd6 Ke8 64. Rh7 Kf8 65. Nd5 Kg8 66. Nf6+ Kf8 67. Ke6 Re1+ 68. Kf5 Rf1+ 69. Kg6 Rg1+ 70. Kf5 Rf1+ 71. Ke6 Re1+ 72. Kd6 Rd1+ 73. Nd5 Kg8 74. Re7 Kf8 75. Rd7 Kg8 76. Ke6 Kf8 77. Nf4 Re1+ 78. Kf5 Ke8 79. Ra7 Kd8 80. Ne6+ Kc8 81. Ra4 Kb8 82.
Rc4 Kb7 83. Kf6 Ka8 84. Ke7 Rd1 85. Rb4 Ka7 86. Nc7 Re1+ 87. Kd7 Rd1+ 88. Kc8 1-0

[Event "Late-Titled-Tuesday-Blitz-February-20-2024"]
[Site "Chess.com"]
[Date "2024.02.20"]
[Round "5"]
[White "MyDream003"]
[Black "Maestro1986"]
[Result "1-0"]
[WhiteElo "2753"]
[BlackElo "2513"]
[TimeControl "180+1"]
[EndTime "14:57:56 PST"]
[Termination "MyDream003 won by checkmate"]

1. e4 c5 2. Nf3 Nf6 3. e5 Nd5 4. Nc3 Nxc3 5. dxc3 Nc6 6. Bc4 e6 7. Qe2 h6 8. h4 b6 9. Bf4 Bb7 10. O-O-O Qc7 11. Kb1 O-O-O 12. Qd2 Na5 13. Be2 Bd5 14. b3 c4 15. Nd4 a6 16. Bf3 Bb7 17. Bxb7+ Nxb7 18. Nf3 d5 19. exd6 Bxd6 20. Bxd6 Rxd6 21. Qe3 Rhd8 22.
Rxd6 Nxd6 23. Nd4 Qb7 24. f3 b5 25. Qe5 g6 26. h5 g5 27. b4 Ne8 28. Qc5+ Qc7 29. Qf8 e5 30. Nf5 Nd6 31. Nxd6+ Qxd6 32. Qxf7 Rd7 33. Qf5 Kc7 34. Re1 Re7 35. Kb2 Qe6 36. Qe4 Qc6 37. Qe3 Qb6 38. Qe2 Qd6 39. Rd1 Qe6 40.
Qe3 Qb6 41. Qe4 Qc6 42. Qf5 Qe6 43. Qf8 Rd7 44. Qc5+ Kd8 45. Re1 Re7 46. a3 Ke8 47. Re2 Kf7 48. Qe3 Kf6 49. Qe4 Qf5 50. Qc6+ Qe6 51.
Qa8 Kg7 52. Qb8 Kf6 53. Qh8+ Kf5 54. Re4 Qf6 55. Qc8+ Qe6 56. Qf8+ Qf6 57. Qg8 Rf7 58. Qe8 Qe6 59. Qd8 Qf6 60. Qa8 Qe6 61. Qb8 Kf6 62. g4 Kg7 63. Rxe5 Qf6 64. Re8 Rf8 65. Qc7+ Rf7 66.
Qc8 Rf8 67. Qd7+ Rf7 68. Qc8 Rf8 69. Rxf8 Qxf8 70. Qxf8+ Kxf8 71. Kc1 Ke7 72. Kd2 Ke6 73. Ke3 Ke5 74. f4+ gxf4+ 75. Kf3 Ke6 76. Kxf4 Kf6 77.
g5+ hxg5+ 78. Kg4 Kf7 79. Kxg5 Kg7 80. Kf5 Kh6 81. Ke5 Kxh5 82. Kd5 Kg4 83. Kc5 Kf3 84. Kb6 Ke3 85. Kxa6 Kd2 86. Kxb5 Kxc3 87. Kc5 Kb2 88.
Kxc4 Kxa3 89. b5 Ka4 90. b6 Ka5 91. b7 Ka6 92. b8=Q Ka5 93. Qb5# 1-0

[Event "Late-Titled-Tuesday-Blitz-February-20-2024"]
[Site "Chess.com"]
[Date "2024.02.20"]
[Round "5"]
[White "vi_pranav"]
[Black "Oleksandr_Bortnyk"]
[Result "1-0"]
[WhiteElo "3017"]
[BlackElo "3067"]
[TimeControl "180+1"]
[EndTime "14:58:01 PST"]
[Termination "vi_pranav won on time"]

1. Nf3 Nf6 2. g3 b6 3. Bg2 Bb7 4. O-O g6 5. d3 Bg7 6. e4 d6 7.
Re1 Nfd7 8. d4 c5 9. e5 O-O 10. exd6 exd6 11. Bg5 Qc7 12. Nc3 cxd4 13. Nb5 Qc5 14.
Nbxd4 Bxf3 15. Nxf3 Bxb2 16. Bh6 Rc8 17. Rb1 Bc3 18. Re3 Nc6 19. Ng5 Bg7 20. Bxg7 Kxg7 21. Bd5 Nde5 22. Bxf7 Nd4 23. Bb3 Re8 24. Ne4 Qb4 25. c3 Ndf3+ 26. Kg2 Qb5 27. Rxf3 Nxf3 28.
Qxf3 Qe5 29. Nd2 Rac8 30. c4 Rf8 31. Qd5 Qe2 32. Rf1 Rc5 33. Qd4+ Qe5 34. Qxe5+ Rxe5 35. Nf3 Re2 36. Rd1 Rf6 37. Rd4 h5 38. h4 a5 39. Rd5 Kf8 40. Rb5 a4 41. Bxa4 Rxa2 42. Bb3 Ra6 43. Bc2 Kg7 44. Be4 Kf8 45. Bd5 Kg7 46.
Rb2 Kf8 47. Nd4 Kg7 48. Ne6+ Kh8 49. Nc7 Ra7 50. Ne8 Rf8 51. Nxd6 Rd7 52. Ne4 Rb8 53.
Nc3 Kg7 54. Re2 Rbd8 55. Re6 Rb8 56. Be4 Kf7 57. Rxg6 b5 58. cxb5 Rd4 59. Rc6 Rd2 60. Bd5+ Kg7 61. Bf3 Rd3 62. Rc7+ Kh6 63. Rc6+ Kg7 64.
Bxh5 Rf8 65. Bg4 Rd4 66. f3 Rd2+ 67. Kh3 Rb2 68. Bh5 Kh8 69. Ne4 Rxb5 70. Bg4 Rb1 71. f4 Rh1+ 72. Kg2 Ra1 73. Ng5 Rb8 74. Bf3 Ra3 75.
Kh3 Ra5 76. Kg4 Kg7 77. Rc7+ Kh8 78. Be4 Ra6 79. h5 Kg8 80. Bg6 Rf8 81. Bd3 Rh6 82.
Bc4+ Kh8 83. Nf7+ Kg7 84. Nxh6+ Kxh6 85. Rc6+ Kg7 86. h6+ Kh7 87. Bd3+ Kh8 88. Bf5 Rg8+ 89. Kf3 Rb8 90. Rc8+ Rxc8 91. Bxc8 1-0

[Event "Late-Titled-Tuesday-Blitz-February-20-2024"]
[Site "Chess.com"]
[Date "2024.02.20"]
[Round "6"]
[White "a_kandil"]
[Black "campochess"]
[Result "1-0"]
[WhiteElo "2428"]
[BlackElo "2163"]
[TimeControl "180+1"]
[EndTime "14:59:41 PST"]
[Termination "a_kandil won by resignation"]

1. e4 c5 2. Nf3 Nc6 3. d4 cxd4 4. Nxd4 e5 5. Nb5 a6 6. Nd6+ Bxd6 7. Qxd6 Qe7 8. Qxe7+ Ngxe7 9. Nc3 d5 10. Nxd5 Nb4 11. Nxb4 1-0

[Event "Late-Titled-Tuesday-Blitz-February-20-2024"]
[Site "Chess.com"]
[Date "2024.02.20"]
[Round "6"]
[White "GMRAVEN_ON_YOUTUBE"]
[Black "DrVelja"]
[Result "0-1"]
[WhiteElo "2757"]
[BlackElo "2976"]
[TimeControl "180+1"]
[EndTime "15:01:09 PST"]
[Termination "DrVelja won by resignation"]

1. f4 d5 2. Nf3 g6 3. e3 Bg7 4. c4 c6 5. Nc3 Nf6 6. d4 O-O 7. Be2 dxc4 8. Bxc4 c5 9. dxc5 Qa5 10. e4 Nxe4 11.
Bd2 Nxd2 12. Qxd2 Qxc5 13. Bb3 Nc6 14. Qf2 Bxc3+ 0-1

[Event "Late-Titled-Tuesday-Blitz-February-20-2024"]
[Site "Chess.com"]
[Date "2024.02.20"]
[Round "6"]
[White "morte-negra"]
[Black "Doublekk14"]
[Result "0-1"]
[WhiteElo "2019"]
[BlackElo "2307"]
[TimeControl "180+1"]
[EndTime "15:01:43 PST"]
[Termination "Doublekk14 won by resignation"]

1. e4 c5 2. Nf3 e6 3. d4 cxd4 4.
Nxd4 Nf6 5. Nc3 Nc6 6. Nxc6 bxc6 7. e5 Nd5 8. Ne4 f5 9. exf6 Nxf6 10. Bg5 Qa5+ 11.
Bd2 Qe5 12. f3 Nxe4 13. fxe4 Qxe4+ 14. Be2 Ba6 15. Kf1 Bc5 0-1

[Event "Late-Titled-Tuesday-Blitz-February-20-2024"]
[Site "Chess.com"]
[Date "2024.02.20"]
[Round "6"]
[White "SouS007"]
[Black "Jahonas"]
[Result "1-0"]
[WhiteElo "2495"]
[BlackElo "2349"]
[TimeControl "180+1"]
[EndTime "15:02:25 PST"]
[Termination "SouS007 won by resignation"]

1. e4 c6 2. d4 d5 3. e5 Bf5 4. Nf3 e6 5. Be2 Ne7 6. O-O Bg6 7. Nbd2 Nf5 8. Nb3 a5 9. a4 Na6 10. c3 Be7 11. Ne1 h5 12. Nd3 b6 13. Nf4 Rh6 14. Nxg6 fxg6 15. Bxh6 gxh6 16. Bd3 Kf7 17. Qf3 Kg7 18.
h3 Nh4 19. Qg3 Qd7 20. Nd2 Nc7 21. Nf3 Nf5 22. Bxf5 exf5 23. e6 Qe8 24. Qxc7 1-0

[Event "Late-Titled-Tuesday-Blitz-February-20-2024"]
[Site "Chess.com"]
[Date "2024.02.20"]
[Round "6"]
[White "babero_gordo"]
[Black "el008"]
[Result "0-1"]
[WhiteElo "2168"]
[BlackElo "2536"]
[TimeControl "180+1"]
[EndTime "15:02:42 PST"]
[Termination "el008 won by resignation"]

1. e4 e6 2. d4 d5 3. e5 c5 4. c3 Nc6 5. Nf3 Qb6 6. Bd3 Bd7 7. O-O cxd4 8. Re1 Nge7 9. h4 h5 10. Ng5 g6 11. cxd4 Nxd4 12. Nc3 Nef5 13. Bxf5 Nxf5 14. Qf3 Be7 15. Rb1 Bc6 16. Qf4 a5 17. Ne2 Qb4 18. Qf3 Qxh4 19. Nh3 Qb4 20. Nc3 d4 21. Ne4 Qxe1+ 22.
Kh2 Bxe4 0-1

[Event "Late-Titled-Tuesday-Blitz-February-20-2024"]
[Site "Chess.com"]
[Date "2024.02.20"]
[Round "6"]
[White "kalxandria"]
[Black "pfalcon1949"]
[Result "1-0"]
[WhiteElo "2259"]
[BlackElo "1993"]
[TimeControl "180+1"]
[EndTime "15:02:43 PST"]
[Termination "kalxandria won by resignation"]

1. e4 e6 2. d4 d5 3. Nd2 Nc6 4. Ngf3 Nf6 5. e5 Nd7 6. c3 f6 7. exf6 Qxf6 8. Bd3 Bd6 9. Nf1 O-O 10. Ng3 e5 11.
dxe5 Ndxe5 12. Be2 Nxf3+ 13. Bxf3 Re8+ 14. Be3 d4 15.
cxd4 Nxd4 16. Ne4 Nxf3+ 17. Qxf3 Qxf3 18. gxf3 Bb4+ 19. Kf1 Bh3+ 20. Ke2 Rad8 21. Rhg1 Bf5 22. Nf6+ Kf7 23. Nxe8 Rxe8 24. Rac1 c6 25. a3 Ba5 26. Rc5 1-0

[Event "Late-Titled-Tuesday-Blitz-February-20-2024"]
[Site "Chess.com"]
[Date "2024.02.20"]
[Round "6"]
[White "AsaHoffmann"]
[Black "sharkarton"]
[Result "1-0"]
[WhiteElo "2390"]
[BlackElo "2490"]
[TimeControl "180+1"]
[EndTime "15:02:45 PST"]
[Termination "AsaHoffmann won by resignation"]

1. d4 d5 2. Bg5 c5 3. dxc5 f6 4. Bh4 e5 5. e4 dxe4 6. Qxd8+ Kxd8 7. Nc3 Bxc5 8. Nxe4 Bb4+ 9. c3 Be7 10. O-O-O+ Kc7 11. Bc4 Nc6 12. f3 Bf5 13. Ne2 Nh6 14. Bf2 Rad8 15. N2g3 Bc8 16. Bc5 Bxc5 17. Nxc5 b6 18.
Ne6+ Bxe6 19. Bxe6 Rhe8 20. Bb3 f5 21. Rxd8 Rxd8 22.
Rd1 Rxd1+ 23. Kxd1 Kd6 24. Kd2 Na5 25. Kd3 Nxb3 26.
axb3 Nf7 27. Nxf5+ 1-0

[Event "Late-Titled-Tuesday-Blitz-February-20-2024"]
[Site "Chess.com"]
[Date "2024.02.20"]
[Round "6"]
[White "Sanyura"]
[Black "Bilan_Danila"]
[Result "1-0"]
[WhiteElo "2610"]
[BlackElo "2461"]
[TimeControl "180+1"]
[EndTime "15:02:52 PST"]
[Termination "Sanyura won by resignation"]

1. Nf3 d5 2. c4 c6 3. g3 Nf6 4. Bg2 Bf5 5. O-O e6 6. d3 Nbd7 7. b3 Bc5 8. Bb2 h6 9. Nbd2 O-O 10. a3 a5 11. Qe1 Qc7 12. e4 dxe4 13. dxe4 Bh7 14. e5 Ne8 15. Qe2 Rd8 16. Rfd1 Qb6 17. Bc3 Bc2 18. Rdc1 Bxb3 19. Nxb3 Qxb3 20. Nd2 Qa4 21.
Be4 Nb6 22. Bc2 Rxd2 23. Bxd2 1-0

[Event "Late-Titled-Tuesday-Blitz-February-20-2024"]
[Site "Chess.com"]
[Date "2024.02.20"]
[Round "6"]
[White "Herman-NY"]
[Black "Godzillator"]
[Result "1-0"]
[WhiteElo "2509"]
[BlackElo "2322"]
[TimeControl "180+1"]
[EndTime "15:02:55 PST"]
[Termination "Herman-NY won by resignation"]

1. e4 d5 2. exd5 Qxd5 3. Nc3 Qd8 4. d4 c6 5. Bc4 Nf6 6. Nf3 b5 7. Bd3 Bg4 8. h3 Bh5 9. O-O e6 10. Ne4 Nbd7 11. Re1 Be7 12. Neg5 O-O 13. c3 Bg6 14.
Bxg6 hxg6 15. Qe2 Re8 16. Nxf7 Kxf7 17. Qxe6+ Kf8 18. Ng5 Ne5 19. dxe5 Qd5 20. exf6 Qxe6 21. Nxe6+ Kf7 22. fxe7 Rxe7 23. Ng5+ Kf6 24. Rxe7 Kxe7 25. Be3 1-0

[Event "Late-Titled-Tuesday-Blitz-February-20-2024"]
[Site "Chess.com"]
[Date "2024.02.20"]
[Round "6"]
[White "Maestro1986"]
[Black "manitodeplomo"]
[Result "0-1"]
[WhiteElo "2508"]
[BlackElo "2656"]
[TimeControl "180+1"]
[EndTime "15:02:56 PST"]
[Termination "manitodeplomo won by resignation"]

1. g3 g6 2. Bg2 Bg7 3. e4 e6 4. d4 d5 5. e5 c5 6. c3 Ne7 7.
Ne2 Nec6 8. O-O O-O 9. h4 b5 10. h5 b4 11. hxg6 hxg6 12. Be3 Ba6 13. Qd2 Nd7 14. Bh3 Rb8 15. Bg5 Qb6 16. dxc5 Nxc5 17. Bg2 Nxe5 18. Re1 Rfc8 19. Nd4 Ncd3 20. Re3 Nxb2 21. Qxb2 Nc4 22. Qc1 Nxe3 23. Bxe3 Bxd4 24. Bxd4 Qxd4 25. Nd2 0-1

[Event "Late-Titled-Tuesday-Blitz-February-20-2024"]
[Site "Chess.com"]
[Date "2024.02.20"]
[Round "6"]
[White "TemploVillamarin"]
[Black "CFalcons8"]
[Result "0-1"]
[WhiteElo "2201"]
[BlackElo "2426"]
[TimeControl "180+1"]
[EndTime "15:02:58 PST"]
[Termination "CFalcons8 won by resignation"]

1. d4 Nf6 2. Nc3 d5 3. e4 dxe4 4. f3 exf3 5. Nxf3 Bg4 6. Bc4 e6 7. O-O Bxf3 8. Rxf3 Bb4 9. Bg5 Nbd7 10. Ne4 Be7 11.
Nxf6+ Nxf6 12. c3 O-O 13. Bd3 h6 14. Bxh6 gxh6 15. Qd2 Ng4 16. Rg3 f5 17. Qxh6 Rf6 18. Qg5+ Kf8 19. h3 Rf7 20. hxg4 Bxg5 0-1

[Event "Late-Titled-Tuesday-Blitz-February-20-2024"]
[Site "Chess.com"]
[Date "2024.02.20"]
[Round "6"]
[White "ATM622"]
[Black "Doomfist26"]
[Result "1-0"]
[WhiteElo "2495"]
[BlackElo "2633"]
[TimeControl "180+1"]
[EndTime "15:03:12 PST"]
[Termination "ATM622 won by resignation"]

1. d4 Nf6 2. c4 c5 3. d5 b5 4. cxb5 a6 5. e3 g6 6. Nc3 axb5 7. Bxb5 Bb7 8. Nf3 Qa5 9. Bd2 Qb6 10. Qb3 e6 11. dxe6 fxe6 12. a4 Bg7 13. Ne5 Bxg2 14. Rg1 Bb7 15. a5 Qc7 16. Qxe6+ Kd8 17. Nf7+ Kc8 18. Qe7 Nc6 19. Bxc6 Bxc6 20. Nxh8 Bxh8 21. a6 Kb8 22. Qf8+ 1-0

[Event "Late-Titled-Tuesday-Blitz-February-20-2024"]
[Site "Chess.com"]
[Date "2024.02.20"]
[Round "6"]
[White "besarquis"]
[Black "Laico"]
[Result "0-1"]
[WhiteElo "2190"]
[BlackElo "2369"]
[TimeControl "180+1"]
[EndTime "15:03:18 PST"]
[Termination "Laico won by resignation"]

1. e4 e6 2. d4 d5 3. exd5 exd5 4. Nf3 Nc6 5. Bd3 Bg4 6. c3 Qd7 7. h3 Bh5 8. Nbd2 O-O-O 9. O-O f6 10. b4 g5 11. Qc2 Nge7 12. b5 Na5 13. Ba3 g4 14. hxg4 Bxg4 15. Bb4 Nc4 16. Nb3 Bxf3 17. Bxe7 Rg8 18.
Rfe1 Rxg2+ 19. Kf1 Rg1+ 0-1

[Event "Late-Titled-Tuesday-Blitz-February-20-2024"]
[Site "Chess.com"]
[Date "2024.02.20"]
[Round "6"]
[White "MeisterJabo"]
[Black "ContrVersia"]
[Result "0-1"]
[WhiteElo "2450"]
[BlackElo "2867"]
[TimeControl "180+1"]
[EndTime "15:03:24 PST"]
[Termination "ContrVersia won by checkmate"]

1. c4 Nf6 2. g3 g6 3. Bg2 Bg7 4. Nc3 O-O 5. d4 d6 6. Nf3 Nc6 7. O-O e5 8. d5 Nb8 9. e4 a5 10. Ne1 Na6 11. Nd3 b6 12. h3 Nd7 13.
Be3 Ndc5 14. Bxc5 Nxc5 15. Nxc5 bxc5 16. b3 f5 17. exf5 gxf5 18. Rc1 Bd7 19. a4 e4 20.
Nb5 Be5 21. Qd2 Rf7 22. f4 exf3 23. Rxf3 Rg7 24. Qd3 Qg5 25. Rcf1 Bxg3 26. Kh1 Be5 27. Nxc7 Qxg2# 0-1